 Dungeon Crawl Stone Soup version 0.18.1-48-g4cf74bf (webtiles) character file.

7532 Saki the Spear-Bearer (level 11, -4/84 HPs)
             Began as a Merfolk Skald on June 25, 2016.
             Was a High Priest of Okawaru.
             Killed from afar by an orc wizard (9 damage)
             ... with a magic dart
             ... on level 9 of the Dungeon.
             The game lasted 01:02:44 (14808 turns).

Saki the Spear-Bearer (Merfolk Skald)              Turns: 14808, Time: 01:02:45

Health: -4/84      AC: 11    Str: 12    XL:     11   Next: 16%
Magic:  18/18      EV: 15    Int: 15    God:    Okawaru [*****.]
Gold:   621        SH:  0    Dex: 14    Spells: 2 memorised, 17 levels left

rFire  . . .     SeeInvis +     X - +2 glaive (venom)
rCold  + . .     Gourm    .     j - +0 ring mail
rNeg   . . .     Faith    +     (shield currently unavailable)
rPois  .         Spirit   .     (no helmet)
rElec  .         Dismiss  .     P - +0 cloak
rCorr  .         Reflect  .     r - +2 pair of gloves
SustAt .         Harm     .     J - +0 pair of boots
MR     .....                    q - amulet of faith
Stlth  +.........               e - ring of protection from cold
                                y - ring of see invisible

@: not resistant to hostile enchantments, very unstealthy
A: change form in water, swift swim
a: Heroism, Finesse, Renounce Religion


You were on level 9 of the Dungeon.
You worshipped Okawaru.
Okawaru was extremely pleased with you.
You were not hungry.

You visited 2 branches of the dungeon, and saw 10 of its levels.

You collected 621 gold pieces.

Inventory:

Hand Weapons
 R - a +3 halberd of freezing
 S - a +1 trident
 X - a +2 glaive of venom (weapon)
Missiles
 f - 285 stones (quivered)
 h - 33 poisoned needles
Armour
 j - a +0 ring mail (worn)
 r - a +2 pair of gloves (worn)
 C - a +0 buckler
 F - a +1 pair of gloves
 J - a +0 pair of boots (worn)
 P - a +0 cloak (worn)
Rods
 G - a -1 rod of shadows (13/13)
   (You found it on level 9 of the Dungeon)
Jewellery
 a - an uncursed ring of flight {unknown}
 e - a ring of protection from cold (right hand)
 g - an uncursed ring of fire
 k - a +3 amulet of reflection
 q - an amulet of faith (around neck)
 y - a ring of see invisible (left hand)
Wands
 u - a wand of iceblast (8/15)
 A - a wand of paralysis (5/24)
Scrolls
 o - 9 scrolls of identify
 s - 4 scrolls of remove curse
 t - 2 scrolls of fog
 E - a scroll of noise {unknown}
 H - a scroll of summoning {unknown}
 V - 2 scrolls of enchant weapon {unknown}
 W - a scroll of enchant armour {unknown}
 Y - a scroll of magic mapping {unknown}
Potions
 i - a potion of cure mutation {unknown}
 p - 2 potions of resistance {unknown}
 v - a potion of degeneration {unknown}
 x - 2 potions of flight {unknown}
 D - 2 potions of might {unknown}
 I - a potion of agility {unknown}
 K - a potion of mutation {unknown}
 M - a potion of brilliance {unknown}
 N - a potion of invisibility {unknown}
 Z - a potion of lignification {unknown}
Books
 c - a book of Battle

   Spells                             Type                      Level
   a - Infusion                       Charms                       1
   b - Shroud of Golubria             Charms/Translocation         2
   c - Song of Slaying                Charms                       2
   d - Spectral Weapon                Hexes/Charms                 3
   e - Regeneration                   Charms/Necromancy            3
 Q - a book of Alchemy

   Spells                             Type                      Level
   a - Sublimation of Blood           Necromancy                   2
   b - Ignite Poison                  Fire/Transmutation/Poison    3
   c - Petrify                        Transmutation/Earth          4
   d - Alistair's Intoxication        Transmutation/Poison         5
   e - Irradiate                      Conjuration/Transmutation    5
 T - a book of Party Tricks

   Spells                             Type                      Level
   a - Summon Butterflies             Summoning                    1
   b - Apportation                    Translocation                1
   c - Tukima's Dance                 Hexes                        3
   d - Alistair's Intoxication        Transmutation/Poison         5
   e - Invisibility                   Hexes                        6
Comestibles
 b - 6 chunks of flesh
 d - 8 bread rations
 n - 3 meat rations
 B - 5 fruits
 L - 7 beef jerkies


   Skills:
 + Level 7.1 Fighting
 - Level 10.1 Polearms
 + Level 3.6 Armour
 + Level 10.0 Dodging
 * Level 4.1 Shields
 * Level 5.0 Spellcasting
 * Level 6.8 Charms
 - Level 1.0 Translocations
 * Level 6.9 Invocations


You had 17 spell levels left.
You knew the following spells:

 Your Spells              Type           Power        Failure   Level  Hunger
a - Infusion              Chrm           ###.         1%          1    None
b - Shroud of Golubria    Chrm/Tloc      ###.......   12%         2    ##.....


Dungeon Overview and Level Annotations

Branches:
Dungeon (9/15)             Temple (0/1) D:7            Lair (1/8) D:9
    Orc: D:9-12

Altars:
Ashenzari
Fedhas
Makhleb
Okawaru
Pakellas
Qazlal
Sif Muna
Trog
Yredelemnul


Message History

You slash the orc!
You kill the orc!
The orc warrior misses you.
The orc wizard casts a spell.
The orc wizard blinks!
An orc comes into view. It is wielding a whip.
The orc priest calls down the wrath of Beogh upon you.
Beogh smites you!
* * * LOW HITPOINT WARNING * * *
Things that are here:
a leather armour; an orc corpse An adder comes into view.
The adder moves out of view.
The orc warrior misses you. Okawaru accepts your kill.
You feel a bit more experienced. The orc wizard casts a spell at you.
The magic dart hits you!
The orc wizard gestures at you while chanting.
The magic dart hits you!
You die...

#.#.#.##.#.#..o.ooo.o[.
#.#....#..#.#######.oo.
#........###...# #
#......#S.#o##.#
#...#.##.#o###.#
#...#.......##.# ######
#...#....###.#.#####.#
...o.######.[[.....# #.........#
.###....[[)...[.@..###.#.#######
.# #########..........##.# .#
#..#..(######.# .# #..#...# #.#
o# #..#...######.## F#
########............... .#
#.............#######.. .#
#.###.##.###### . O#
#.###.#...##########


You could see an orc priest, an orc wizard (invisible) and an adder.

Vanquished Creatures
  Erolcha (D:9)
  The ghost of Saki the Ducker, a novice MfSk of Okawaru (D:5)
  A spiny frog (D:9)
  A two-headed ogre (D:8)
  A hungry ghost (D:9)
  Grum (D:8)
  Duvessa (D:5)
  A porcupine (Lair:1)
  5 orc warriors
  A water moccasin (D:9)
  2 sky beasts (D:5)
  2 black bears
  2 ice beasts
  4 phantoms
  A necrophage (D:7)
  4 wolves
  6 ogres
  A crocodile (D:5)
  2 big kobolds
  3 gnoll sergeants
  3 giant frogs
  Dowan (D:5)
  2 scorpions (D:4)
  5 killer bees
  8 wights
  5 howler monkeys
  A quasit (D:7)
  2 crimson imps
  A centaur zombie (D:7)
  A giant frog zombie (D:7)
  5 orc priests
  A gnoll shaman (D:7)
  Crazy Yiuf (D:7)
  A giant frog skeleton (D:6)
  6 hounds
  Jessica (D:8)
  3 iguanas
  Natasha (thrice) (D:2 D:3)
  13 orc wizards
  3 worker ants
  2 hound skeletons
  18 gnolls
  A howler monkey skeleton (D:7)
  10 adders
  3 shadow imps
  An ooze (D:3)
  An adder zombie (D:5)
  2 adder skeletons
  5 worms
  2 dart slugs (D:1)
  9 giant geckos
  29 orcs
  4 ball pythons
  2 giant cockroaches
  9 goblins
  10 hobgoblins
  16 jackals
  13 kobolds
  6 quokkas
  A ball python skeleton (D:4)
  14 bats
  9 giant newts
  A jackal zombie (D:7)
  A quokka skeleton (D:7)
  A quokka zombie (D:6)
  11 rats
  A spectral orc (D:2)
289 creatures vanquished.

Notes
Turn   | Place    | Note
--------------------------------------------------------------
     0 | D:1      | Saki the Merfolk Skald began the quest for the Orb.
     0 | D:1      | Reached XP level 1. HP: 16/16 MP: 3/3
   128 | D:1      | Reached XP level 2. HP: 4/22 MP: 0/5
   971 | D:1      | Reached XP level 3. HP: 24/28 MP: 6/6
  1341 | D:2      | Found a basalt altar of Yredelemnul.
  1445 | D:2      | Noticed Natasha
  1454 | D:2      | Killed Natasha
  1454 | D:2      | Reached XP level 4. HP: 15/34 MP: 2/7
  1466 | D:2      | Found a faded altar to an unknown god.
  1467 | D:2      | Noticed Natasha
  1635 | D:3      | Killed Natasha
  2207 | D:2      | Found an iron altar of Okawaru.
  2223 | D:2      | Became a worshipper of Warmaster Okawaru
  2262 | D:2      | Reached skill level 1 in Shields
  2428 | D:2      | Reached XP level 5. HP: 34/40 MP: 8/8
  2953 | D:3      | Found an oddly glowing altar of Pakellas.
  2960 | D:3      | Noticed Natasha
  3174 | D:3      | Killed Natasha
  3874 | D:3      | Reached skill level 1 in Armour
  3929 | D:3      | Reached XP level 6. HP: 26/47 MP: 7/9
  4550 | D:3      | Reached skill level 1 in Invocations
  5099 | D:4      | Reached skill level 5 in Polearms
  5114 | D:4      | Reached * piety under Okawaru
  5114 | D:4      | Reached skill level 5 in Dodging
  5114 | D:4      | Reached XP level 7. HP: 36/52 MP: 0/10
  6060 | D:5      | Entered Level 5 of the Dungeon
  6060 | D:5      | Noticed Duvessa
  6060 | D:5      | Noticed Dowan
  6104 | D:5      | Reached XP level 8. HP: 49/60 MP: 11/11
  6365 | D:5      | Killed Duvessa
  6365 | D:5      | Reached ** piety under Okawaru
  7062 | D:5      | Noticed Saki's ghost (novice MfSk)
  7094 | D:5      | Killed Saki's ghost
  7094 | D:5      | Reached *** piety under Okawaru
  7098 | D:5      | Learned a level 2 spell: Shroud of Golubria
  7385 | D:5      | Found a stormy altar of Qazlal.
  7430 | D:5      | Reached skill level 5 in Fighting
  7461 | D:5      | Reached XP level 9. HP: 24/68 MP: 12/12
  7921 | D:5      | Killed Dowan
  8136 | D:6      | Found a bloodstained altar of Trog.
  8174 | D:6      | Found an oddly glowing altar of Pakellas.
  8986 | D:7      | Reached **** piety under Okawaru
  9236 | D:7      | Reached skill level 5 in Charms
  9268 | D:7      | Reached skill level 5 in Invocations
  9831 | D:7      | Found a staircase to the Ecumenical Temple.
  9909 | D:7      | Found a blossoming altar of Fedhas.
 10103 | D:7      | Noticed Crazy Yiuf
 10110 | D:7      | Killed Crazy Yiuf
 10291 | D:8      | Noticed a two-headed ogre
 10297 | D:8      | Killed a two-headed ogre
 10297 | D:8      | Reached skill level 1 in Translocations
 10297 | D:8      | Reached XP level 10. HP: 50/76 MP: 9/15
 10494 | D:6      | Reached ***** piety under Okawaru
 11285 | D:8      | Received a gift from Okawaru
 11552 | D:8      | Found a shattered altar of Ashenzari.
 12486 | D:8      | Reached skill level 10 in Polearms
 12565 | D:8      | Noticed Jessica
 12898 | D:8      | Noticed Grum
 13288 | D:8      | Killed Grum
 13731 | D:8      | Received a gift from Okawaru
 13829 | D:8      | Killed Jessica
 13839 | D:8      | Found a deep blue altar of Sif Muna.
 13929 | D:9      | Found a staircase to the Lair.
 14132 | D:9      | Found a burning altar of Makhleb.
 14175 | D:9      | Noticed Erolcha
 14191 | Lair:1   | Entered Level 1 of the Lair of Beasts
 14284 | Lair:1   | Noticed a spiny frog
 14682 | D:9      | Killed a spiny frog
 14682 | D:9      | Reached XP level 11. HP: 65/83 MP: 13/18
 14715 | D:9      | Killed Erolcha
 14715 | D:9      | Reached skill level 10 in Dodging
 14715 | D:9      | Reached skill level 5 in Spellcasting
 14798 | D:9      | HP: 3/84 [orc priest/divine providence (14)]
 14808 | D:9      | Killed from afar by an orc wizard

Skill      XL: |  1  2  3  4  5  6  7  8  9 10 11 |
---------------+----------------------------------+-----
Charms         | 4 5 6 |  6.8
Dodging        | 2 3 4 5 7 8 9 10 | 10.0
Polearms       | 4 5 6 7 9 10 | 10.1
Shields        | 1 2 3 4 |  4.1
Fighting       | 3 5 6 7 |  7.1
Armour         | 1 2 3 |  3.6
Invocations    | 1 3 4 5 6 |  6.9
Spellcasting   | 3 4 5 |  5.0
Translocations | 1 |  1.0

Action                   |  1- 3 |  4- 6 |  7- 9 | 10-12 || total
-------------------------+-------+-------+-------+-------++-------
Melee: Spear             |   133 |   299 |    32 |       ||   464
       Halberd           |       |       |   509 |    17 ||   526
       Trident           |       |       |       |   362 ||   362
       Glaive            |       |       |       |   125 ||   125
       Tailslap          |       |       |       |     3 ||     3
Throw: Stone             |       |     2 |       |       ||     2
 Cast: Infusion          |     9 |     7 |    14 |    14 ||    44
       Shroud of Golubri |       |       |     6 |    12 ||    18
Evoke: Wand              |       |     2 |       |       ||     2
  Use: Scroll            |       |       |     5 |     3 ||     8
       Potion            |       |       |     3 |     2 ||     5
 Stab: Sleeping          |     2 |     2 |       |       ||     4
       Paralysed         |       |     5 |       |       ||     5
  Eat: Chunk             |     2 |    12 |    15 |    15 ||    44
       Pizza             |       |       |     1 |       ||     1
       Beef jerky        |       |       |     1 |       ||     1
       Fruit             |       |       |       |     1 ||     1
Armor: Leather armour    |    38 |    47 |   127 |    78 ||   290
       Ring mail         |       |       |       |    35 ||    35
Dodge: Dodged            |    85 |   152 |   374 |   384 ||   995
Block: Buckler           |       |    46 |     2 |    73 ||   121
